 Dungeon Crawl Stone Soup version 0.26-b1-32-g5d43845318 (webtiles) character file.

Game seed: 343968837183495003

98 Borgoz the Ducker (level 4, -3/37 HPs)
             Began as a Ghoul Gladiator on Jan 12, 2021.
             Slain by a goblin (5 damage)
             ... led by Robin
             ... on level 2 of the Dungeon.
             The game lasted 00:02:25 (1585 turns).

Borgoz the Ducker (Ghoul Gladiator)                 Turns: 1585, Time: 00:02:25

Health: -3/37      AC:  8    Str: 18    XL:     4   Next: 71%
Magic:  3/3        EV: 10    Int:  3    God:
Gold:   88         SH:  0    Dex: 10    Spells: 3/3 levels left

rFire    . . .     SeeInvis .   m - +2 flail (drain)
rCold    + . .     Faith    .   (no shield)
rNeg     + + +     Spirit   .   n - +0 scale mail
rPois    ∞         Reflect  .   c - +1 helmet
rElec    .         Harm     .   (no cloak)
rCorr    .         Rampage  .   (no gloves)
Will     .....                  (no boots)
Stlth    ..........             e - amulet of the acrobat
HPRegen  0.00/turn              (no ring)
MPRegen  0.08/turn              (no ring)

@: mighty
A: claws 1, cold resistance 1, negative energy resistance 3, inhibited
regeneration, torment resistance, unbreathing
a: no special abilities


You were on level 2 of the Dungeon.
You visited 1 branch of the dungeon, and saw 2 of its levels.

You collected 88 gold pieces.

Inventory:

Hand Weapons
 m - a +2 flail of draining (weapon)
Missiles
 d - 3 throwing nets (quivered)
Armour
 c - a +1 helmet (worn)
 n - a +0 scale mail (worn)
Jewellery
 e - an amulet of the acrobat (around neck)
Potions
 b - a potion of brilliance
 i - a potion of haste
 k - a potion of might


   Skills:
 + Level 2.7 Fighting
 * Level 3.3 Maces & Flails
 - Level 1.7 Throwing
 * Level 1.8 Armour
 * Level 3.4 Dodging


You had 3 spell levels left.
You didn't know any spells.
Your spell library was empty.

Dungeon Overview and Level Annotations

Branches:
Dungeon (2/15)

Altars:

Annotations:
D:2 Robin


Innate Abilities, Weirdness & Mutations

You thrive by killing the living.
You are immune to poison.
You have sharp fingernails.
Your flesh is cold resistant. (rC+)
You are immune to negative energy. (rN+++)
You do not regenerate when monsters are visible.
You are immune to unholy pain and torment.
You can survive without breathing.


Message History

The goblin goes into a battle-frenzy!
The goblin closely misses you. The goblin hits you with a +0 club.
* * * LOW HITPOINT WARNING * * *
You closely miss the goblin. The goblin hits you.
* * * LOW HITPOINT WARNING * * *
The goblin hits you with a +0 club.
* * * LOW HITPOINT WARNING * * *
You thump the goblin!
You kill the goblin!
You feel better. Robin throws the goblin at you!
The goblin hits you but does no damage. The goblin closely misses you.
You barely miss the goblin.
The goblin hits you but does no damage. x2
The goblin hits you.
* * * LOW HITPOINT WARNING * * *
You feel very mighty all of a sudden. The goblin barely misses you.
The goblin misses you.
You miss the goblin.
The goblin no longer looks unusually strong.
The goblin closely misses you. The goblin hits you.
You die...

.# #..#..# #.# #.# .#
#..#..# #.# #.# .# #..#..#
#.# #.# .###..#..######
########.# #.#
..)[÷.....?...# #.......(#
#..
......##.####.###.########
##. #####........[..).# #.
####.####.##### #.
#.......g@# #. ######.##g#
#. #.##g# #. #.##g### #.
#.##lg.# #. #.#gKr..# #.
#........# #. #.........#
##. ............. ######..


You could see a quokka, a hobgoblin (strong), 5 goblins, a kobold and a frilled
lizard.

Vanquished Creatures
  Terence (D:2)
  An adder (D:2)
  2 oozes (D:1)
  2 worms (D:2)
  A dart slug (D:2)
  2 leopard geckos (D:1)
  A ball python (D:1)
  A giant cockroach (D:1)
  11 goblins
  4 hobgoblins
  4 jackals (D:1)
  4 kobolds
  3 bats
  2 frilled lizards
  3 rats
42 creatures vanquished.

Notes
Turn   | Place    | Note
-------+----------+-------------------------------------------
     0 | D:1      | Borgoz the Ghoul Gladiator began the quest for the Orb.
     0 | D:1      | Reached XP level 1. HP: 17/17 MP: 0/0
   166 | D:1      | Reached XP level 2. HP: 16/24 MP: 1/1
   333 | D:1      | Reached skill level 1 in Armour
   353 | D:1      | Reached XP level 3. HP: 7/30 MP: 2/2
  1066 | D:2      | Reached XP level 4. HP: 37/37 MP: 3/3
  1259 | D:2      | Noticed Terence
  1279 | D:2      | Killed Terence
  1559 | D:2      | Noticed Robin
  1585 | D:2      | Slain by a goblin

Illustrated notes

Levels and vault maps discovered:
D:1:      minmay_arrival_checkered_box, layout_rooms, hangedman_feature_mirror,
          minmay_misc_feat_enclosed
D:2:      layout_loops_ring, uniq_robin, uniq_terence

Skill      XL: |  1  2 |
---------------+-------+-----
Armour         | 1 |  1.8
Dodging        | 3 |  3.4
Maces & Flails | 3 |  3.3
Fighting       | |  2.7
Throwing       | |  1.7

Action                   |  1- 3 |  4- 6 || total
-------------------------+-------+-------++-------
Melee: Flail             |   106 |    54 ||   160
Throw: Throwing net      |       |     3 ||     3
  Use: Scroll            |       |     6 ||     6
       Potion            |       |     1 ||     1
Armor: Leather armour    |    20 |       ||    20
       Ring mail         |    19 |     5 ||    24
       Scale mail        |       |    22 ||    22
Dodge: Dodged            |    79 |    52 ||   131
